 Dungeon Crawl Stone Soup version 0.31.0-32-g396128a36d (webtiles) character file.

Game seed: 11944058071656607522

62485 MindCufk the Covert (level 15, -20/80 HPs)
             Began as a Vine Stalker Fighter on Apr 10, 2024.
             Was a Follower of Uskayaw.
             Demolished by a +2 halberd of freezing (23 damage)
             ... on level 1 of the Elven Halls.
             The game lasted 00:36:52 (14531 turns).

MindCufk the Covert (Vine Stalker Fighter)         Turns: 14531, Time: 00:36:53

Health: -20/80     AC: 19    Str: 20    XL:     15   Next: 6%
Magic:  0/23       EV: 19    Int:  8    God:    Uskayaw [*.....]
Gold:   690        SH:  6    Dex: 20    Spells: 10/14 levels left

rFire   . . .        d - +3 rapier (elec)
rCold   . . .        c - +0 buckler
rNeg    + + .        N - +1 chain mail {rC+}
rPois   +            i - +2 hat
rElec   .            k - +0 cloak
rCorr   +            S - +0 pair of gloves
SInv    +            b - +1 pair of boots {Stlth+}
Will    +....        t - amulet of magic regeneration
Stlth   ++++         a - ring of Eternity {rPois rC- rN++ rCorr SInv}
HPRegen 1.13/turn    O - +5 ring of evasion
MPRegen 0.58/turn

%: guardian spirit
@: about to teleport
A: fangs 3, regeneration 1, magic shield, antimagic bite, no potion heal 2
a: Renounce Religion, Stomp


You were on level 1 of the Elven Halls.
You worshipped Uskayaw.
Uskayaw was aware of your devotion.
You visited 5 branches of the dungeon, and saw 19 of its levels.

You collected 1719 gold pieces.
You spent 1029 gold pieces at shops.

Inventory:

Hand Weapons
 d - a +3 rapier of electrocution (weapon)
 o - the +5 dagger "Cojidum" {freeze, Dex+3}
   (You found it on level 2 of the Dungeon)

   Dex+3:     It affects your dexterity (+3).
 T - a +5 scimitar of flaming
Missiles
 q - 7 curare-tipped darts (quivered)
 C - 4 darts of dispersal
 G - 21 poisoned darts
Armour
 b - a +1 pair of boots of stealth (worn)
 c - a +0 buckler (worn)
 f - the +0 pair of boots of Mamp {Dex+2}
   (You bought it in a shop on level 2 of the Orcish Mines)

   Dex+2:     It affects your dexterity (+2).
 i - a +2 hat (worn)
 k - a +0 cloak (worn)
 u - the +2 helmet "Sunin" {Will- Dex+6 Slay-5}
   (You bought it in a shop on level 2 of the Orcish Mines)

   Dex+6:     It affects your dexterity (+6).
   Slay-5:    It affects your accuracy & damage with ranged weapons and melee
   (-5).
   Will-:     It decreases your willpower.
 F - a +1 leather armour of positive energy
 N - a +1 chain mail of cold resistance (worn)
 S - a +0 pair of gloves (worn)
Jewellery
 a - the ring of Eternity (left hand) {rPois rC- rN++ rCorr SInv}
   (You found it on level 4 of the Lair of Beasts)

   [ring of see invisible]

   rC-:       It makes you vulnerable to cold.
   rPois:     It protects you from poison rN++: It greatly protects you from
   negative energy.
   SInv:      It lets you see invisible.
   rCorr:     It protects you from acid and corrosion.
 l - a ring of willpower
 t - an amulet of magic regeneration (around neck)
 w - an amulet of the acrobat
 O - a +5 ring of evasion (right hand)
 Q - a +4 ring of protection
 R - a ring of poison resistance
Wands
 x - a wand of flame (38)
 y - a wand of roots (24)
 K - a wand of polymorph (8)
Scrolls
 j - 2 scrolls of amnesia
 r - 10 scrolls of teleportation
 s - 4 scrolls of torment
 v - 5 scrolls of blinking
 A - 5 scrolls of immolation
 B - 4 scrolls of poison
 D - 4 scrolls of fog
 E - a scroll of revelation
 H - 2 scrolls of noise
 J - a scroll of enchant armour
 M - a scroll of brand weapon
 P - 4 scrolls of vulnerability
Potions
 e - 2 potions of lignification
 g - 6 potions of curing
 h - 2 potions of berserk rage {unknown}
 m - 2 potions of heal wounds {unknown}
 n - 3 potions of attraction {unknown}
 p - 4 potions of resistance {unknown}
 z - a potion of ambrosia {unknown}
 I - 3 potions of haste {unknown}
 L - 3 potions of mutation {unknown}
 U - a potion of enlightenment {unknown}


   Skills:
 - Level 10.0 Fighting
 * Level 10.4 Short Blades
 - Level 10.0 Armour
 - Level 10.0 Dodging
 + Level 11.6 Stealth
 - Level 5.0 Shields
 - Level 4.0 Translocations
 - Level 9.7 Invocations


You had 10 spell levels left.
You knew the following spells:

 Your Spells              Type           Power      Damage    Failure   Level
a - Blink                 Tloc           12%        N/A       65%         2
b - Lesser Beckoning      Tloc           12%        N/A       65%         2

Your spell library contained the following spells:

 Spells                   Type           Power      Damage    Failure   Level
 Gell's Gravitas          Tloc           6%         N/A       86%         3
 Teleport Other           Tloc           6%         N/A       86%         3
 Magic Dart               Conj           0%         1d3       96%         1
 Sandblast                Erth           0%         2d4       96%         1
 Sting                    Conj/Alch      0%         1d3       96%         1
 Call Imp                 Summ           0%         N/A       99%         2
 Mercury Vapours          Alch/Air       0%         N/A       99%         2
 Scorch                   Fire           0%         2d5       99%         2
 Passage of Golubria      Tloc           6%         N/A       99%         4
 Passwall                 Erth           0%         N/A       100%        3
 Stone Arrow              Conj/Erth      0%         3d7       100%        3
 Tukima's Dance           Hex            0%         N/A       100%        3
 Animate Armour           Summ/Erth      0%         N/A       100%        4
 Brom's Barrelling Bould  Conj/Erth      0%         2d3       100%        4
 Flame Wave               Conj/Fire      0%         2d4       100%        4
 Olgreb's Toxic Radiance  Alch           0%         N/A       100%        4
 Summon Lightning Spire   Summ/Air       0%         N/A       100%        4
 Lee's Rapid Deconstruct  Erth           0%         3d4*      100%        5
 Yara's Violent Unravell  Hex/Alch       0%         3d3       100%        5
 Sculpt Simulacrum        Ice/Alch       0%         N/A       100%        6
 Summon Cactus Giant      Summ           0%         N/A       100%        6
 Ozocubu's Refrigeration  Ice            0%         4d7       100%        7
 Polar Vortex             Ice            0%         N/A       100%        9


Dungeon Overview and Level Annotations

Branches:
Dungeon (11/15)            Temple (1/1) D:4            Lair (4/5) D:9
  Swamp (0/4) Lair:2        Snake (0/4) Lair:3        Slime (0/5) Lair:4
    Orc (2/2) D:10            Elf (1/3) Orc:2

Altars:
Ashenzari
Cheibriados
Dithmenos
Elyvilon
Fedhas
Gozag
Hepliaklqana
Kikubaaqudgha
Makhleb
Nemelex Xobeh
Okawaru
Qazlal
Ru
Sif Muna
Trog
Uskayaw
Vehumet
Wu Jian
Xom
Yredelemnul
Zin
The Shining One
Jiyva

Shops:
D:2 !   D:5 =   Orc:2 ?[*[*[(:

Annotations:
Lair:1 1 runed translucent door, apex's ghost, journeyman FoFi
Elf:1 Donald


Innate Abilities, Weirdness & Mutations

You have razor-sharp teeth.
Your natural rate of healing is unusually fast.
When hurt, damage is shared between your health and your magic reserves.
Your bite disrupts and absorbs the magic of your enemies.
Potions cannot restore your health.


Message History

The liquid fire burns you! The +2 halberd of freezing hits you!
The +2 halberd of freezing freezes you.
You shake off some of the fire as you move.
The liquid fire burns you!
The +2 halberd of freezing attacks as it pursues you!
The +2 halberd of freezing hits you. The +2 halberd of freezing freezes you.
The +2 halberd of freezing hits you! The +2 halberd of freezing freezes you.
You miss the +2 halberd of freezing.
You bite the +2 halberd of freezing, but do no damage.
The liquid fire burns you! The +2 halberd of freezing hits you.
The +2 halberd of freezing freezes you.
You hit the +2 halberd of freezing. You bite the +2 halberd of freezing.
You drain its power.
You feel invigorated.
The +2 halberd of freezing is moderately damaged.
The liquid fire burns you!
* * * LOW HITPOINT WARNING * * *
The deep elf pyromancer gestures wildly while chanting.
You block the +2 halberd of freezing's attack.
You closely miss the +2 halberd of freezing.
The +2 halberd of freezing is moderately damaged.
The liquid fire burns you!
* * * LOW HITPOINT WARNING * * *
The deep elf pyromancer gestures wildly while chanting.
A deep elf pyromancer comes into view.
It is wielding a +3 short sword of draining.
The +2 halberd of freezing hits you.
* * * LOW HITPOINT WARNING * * *
The +2 halberd of freezing freezes you.
* * * LOW HITPOINT WARNING * * *
As you read the scroll of teleportation, it crumbles to dust.
You feel strangely unstable. The +2 halberd of freezing hits you.
* * * LOW HITPOINT WARNING * * *
The +2 halberd of freezing freezes you.
* * * LOW HITPOINT WARNING * * *
You block the fire elemental's attack.
The +2 halberd of freezing hits you from afar!!
* * * LOW HITPOINT WARNING * * *
The +2 halberd of freezing freezes you.
* * * LOW HITPOINT WARNING * * *
The +2 halberd of freezing hits you from afar!!
You die...

##.......#.
##....#.....
#.[>....#....
#.........#?..#
#.............+
#.............+
#..$.e....#...#
#...@E☼e#.e...#
#.....#E.○☼..#
##....(.☼○#..#
..... ##...e.#...#
#..## ##..#....##
....##.
##....#####.......
#.#### ##...°....
#.# ##.........
#.#####...)......


You could see 2 deep elf pyromancers, a deep elf zephyrmancer, 2 fire elementals
and a +2 halberd of freezing.

Vanquished Creatures
  Nikola (Elf:1)
  An orc warlord (Orc:2)
  2 hydras
  A dancing weapon (Elf:1)
  A death yak (Lair:4)
  A two-headed ogre (D:9)
  3 orc high priests (Orc:2)
  2 deep elf knights (Elf:1)
  A skyshark (Lair:2)
  A bog body (Lair:4)
  4 deep elf archers (Elf:1)
  An orc knight (Orc:2)
  9 deep elf pyromancers (Elf:1)
  4 deep elf zephyrmancers (Elf:1)
  7 orc sorcerers
  A salamander (Lair:3)
  12 elephants
  18 cane toads
  3 kobold blastminers (Orc:2)
  2 torpor snails
  6 black mambas
  Maggie (Lair:1)
  6 rime drakes
  5 komodo dragons
  A freezing wraith (Lair:4)
  2 polar bears (Lair:4)
  2 trolls
  An ice devil (Lair:4)
  A hornet (Lair:2)
  A dream sheep (Lair:2)
  24 blink frogs
  A wraith (D:10)
  A shadow (D:9)
  Grum (D:10)
  4 basilisks
  4 wyverns
  2 steam dragons
  4 wargs
  2 death yak simulacra (Lair:4)
  61 yaks
  A naga (Lair:3)
  2 swamp worms (Lair:2)
  14 water moccasins
  A sky beast (D:8)
  20 orc warriors
  2 black bears
  2 ice beasts
  5 centaurs
  10 wolves
  5 ogres
  2 phantoms
  A kobold brigand (D:9)
  13 bullfrogs
  6 scorpions
  4 wights (D:9)
  A two-headed ogre simulacrum (Lair:4)
  14 killer bees
  4 electric eels (D:9)
  A howler monkey (D:5)
  2 bombardier beetles
  3 hounds
  A jelly (D:6)
  3 iron imps (D:3)
  A gnoll bouda (D:6)
  7 orc priests
  A sleepcap (D:7)
  Ijyb (D:3)
  A troll simulacrum (Lair:4)
  5 iguanas
  14 orc wizards
  A wolf simulacrum (Lair:4)
  7 gnolls
  6 adders
  A shadow imp (D:7)
  A white imp (D:7)
  4 dart slugs
  A ribbon worm (D:2)
  43 orcs
  5 bats
  11 endoplasms
  2 giant cockroaches
  5 hobgoblins
  8 jackals
  2 quokkas (D:2)
  6 ball pythons
  3 frilled lizards
  5 goblins
  15 kobolds
  12 rats
490 creatures vanquished.

Vanquished Creatures (others)
  A rime drake (Lair:4)
  2 orc wizards (Orc:2)
3 creatures vanquished.

Grand Total: 493 creatures vanquished

Notes
Turn   | Place    | Note
-------+----------+-------------------------------------------
     0 | D:1      | MindCufk the Vine Stalker Fighter began the quest for the
                  | Orb.
     0 | D:1      | Reached XP level 1. HP: 11/11 MP: 2/2
   228 | D:1      | Reached XP level 2. HP: 10/16 MP: 1/3
   329 | D:1      | Found a faded altar of an unknown god.
   743 | D:2      | Reached XP level 3. HP: 19/19 MP: 2/4
   844 | D:2      | Identified the +5 dagger "Cojidum" {freeze, Dex+3}
   930 | D:2      | Learned a level 2 spell: Blink
  1003 | D:2      | Reached XP level 4. HP: 23/23 MP: 5/5
  1407 | D:2      | Found Mysk's Distillery.
  1415 | D:2      | Bought a potion of curing for 39 gold pieces
  1611 | D:3      | Found a burning altar of Makhleb.
  1636 | D:3      | Reached XP level 5. HP: 24/27 MP: 6/6
  1720 | D:3      | Noticed Ijyb
  1727 | D:3      | Reached skill level 5 in Short Blades
  1951 | D:3      | Killed Ijyb
  2080 | D:3      | Reached XP level 6. HP: 32/32 MP: 7/7
  2420 | D:4      | Found a staircase to the Ecumenical Temple.
  2429 | Temple   | Entered the Ecumenical Temple
  2442 | Temple   | Became a worshipper of Uskayaw the Reveller
  2483 | D:4      | Reached * piety under Uskayaw
  2486 | D:4      | Reached ** piety under Uskayaw
  3063 | D:5      | Entered Level 5 of the Dungeon
  3085 | D:5      | Reached XP level 7. HP: 34/35 MP: 8/8
  3088 | D:5      | Learned a level 2 spell: Lesser Beckoning
  3438 | D:5      | Reached skill level 1 in Stealth
  3455 | D:5      | Found Giuhous's Jewellery Boutique.
  3535 | D:5      | Reached skill level 2 in Stealth
  3707 | D:5      | Reached *** piety under Uskayaw
  3709 | D:5      | Gained mutation: You have razor-sharp teeth. [Vine Stalker
                  | growth]
  3709 | D:5      | Reached XP level 8. HP: 37/39 MP: 9/9
  4090 | D:6      | Reached skill level 3 in Stealth
  4143 | D:6      | Reached **** piety under Uskayaw
  4215 | D:6      | Reached skill level 4 in Stealth
  4428 | D:6      | Found a basalt altar of Yredelemnul.
  4887 | D:7      | Reached skill level 5 in Stealth
  4921 | D:7      | Found a broken altar of Ashenzari.
  5256 | D:7      | Reached XP level 9. HP: 38/43 MP: 10/10
  5510 | D:8      | Reached skill level 6 in Stealth
  5538 | D:8      | Reached skill level 10 in Short Blades
  5544 | D:8      | Reached skill level 7 in Stealth
  5545 | D:8      | Reached ***** piety under Uskayaw
  5611 | D:8      | Found a sacrificial altar of Ru.
  5844 | D:8      | Reached skill level 8 in Stealth
  5878 | D:8      | Found an ornate altar of the Wu Jian Council.
  6071 | D:9      | Reached skill level 9 in Stealth
  6124 | D:9      | Noticed a two-headed ogre
  6128 | D:9      | Killed a two-headed ogre
  6129 | D:9      | Reached skill level 10 in Stealth
  6129 | D:9      | Reached skill level 1 in Invocations
  6171 | D:9      | Reached skill level 1 in Dodging
  6179 | D:9      | Reached XP level 10. HP: 21/49 MP: 7/11
  6418 | D:9      | Found a staircase to the Lair.
  6913 | D:10     | Entered Level 10 of the Dungeon
  6915 | D:10     | Found a staircase to the Orcish Mines.
  6945 | D:10     | Reached skill level 5 in Fighting
  7069 | D:10     | Noticed Grum
  7092 | D:10     | Reached XP level 11. HP: 36/55 MP: 12/14
  7094 | D:10     | Reached skill level 5 in Shields
  7095 | D:10     | Killed Grum
  7599 | D:11     | Reached skill level 5 in Armour
  7674 | Lair:1   | Entered Level 1 of the Lair of Beasts
  7696 | Lair:1   | Found a runed translucent door.
  7838 | Lair:1   | Found a shimmering altar of Xom.
  7838 | Lair:1   | Noticed apex's ghost (journeyman FoFi)
  7838 | Lair:1   | Noticed a +2 scimitar of chaos
  7874 | Lair:1   | Noticed Maggie
  7880 | Lair:1   | Killed Maggie
  7943 | Lair:1   | Reached skill level 5 in Dodging
  8045 | Lair:1   | Reached skill level 1 in Translocations
  8075 | Lair:1   | Reached skill level 5 in Invocations
  8082 | Lair:1   | Reached ****** piety under Uskayaw
  8304 | Lair:1   | Reached XP level 12. HP: 44/60 MP: 17/19
  9252 | Lair:2   | Found a sacrificial altar of Ru.
  9441 | Lair:2   | Noticed a skyshark
  9448 | Lair:2   | Killed a skyshark
 10033 | Lair:2   | Noticed a four-headed hydra
 10063 | Lair:2   | Killed a four-headed hydra
 10064 | Lair:2   | Reached XP level 13. HP: 61/69 MP: 20/20
 10082 | Lair:2   | Found a staircase to the Swamp.
 11127 | Lair:3   | Found a staircase to the Snake Pit.
 11690 | Lair:4   | Reached skill level 10 in Fighting
 12283 | Lair:4   | Reached XP level 14. HP: 77/77 MP: 21/21
 12387 | Lair:4   | Identified the ring of Eternity {rPois rC- rN++ rCorr SInv}
 12502 | Lair:4   | Found a viscous altar of Jiyva.
 12502 | Lair:4   | Found a staircase to the Slime Pits.
 12816 | Orc:1    | Entered Level 1 of the Orcish Mines
 13063 | Orc:2    | Entered Level 2 of the Orcish Mines
 13063 | Orc:2    | Found a staircase to the Elven Halls.
 13069 | Orc:2    | Noticed an orc warlord
 13330 | Orc:2    | Found Xodghotsi's General Store.
 13330 | Orc:2    | Found Qeekaxt's Antique Armour Shop.
 13389 | Orc:2    | Killed an orc warlord
 13415 | Orc:2    | Found Rek Fauf's General Store.
 13427 | Orc:2    | Found Orpheycsu's Book Shoppe.
 13505 | Orc:2    | Found Doathiz's Antique Weapon Shop.
 13756 | Orc:2    | Reached skill level 10 in Armour
 13756 | Orc:2    | Reached skill level 10 in Dodging
 13859 | Orc:2    | Found Favisash's Antique Armour Emporium.
 13883 | Orc:2    | Bought a pair of glowing boots for 225 gold pieces
 13883 | Orc:2    | Bought a pair of shimmering boots for 285 gold pieces
 13883 | Orc:2    | Identified the +0 pair of boots of Mamp {Dex+2} (You bought
                  | it in a shop on level 2 of the Orcish Mines)
 13888 | Orc:2    | Found Funatuemp's Antique Armour Boutique.
 13890 | Orc:2    | Found Qiqukhei's General Store.
 13906 | Orc:2    | Found Zeipeur's Magic Scroll Shoppe.
 13913 | Orc:2    | Bought a faintly glowing helmet for 304 gold pieces
 13913 | Orc:2    | Identified the +2 helmet "Sunin" {Will- Dex+6 Slay-5} (You
                  | bought it in a shop on level 2 of the Orcish Mines)
 13916 | Orc:2    | Bought a scroll of identify for 32 gold pieces
 13916 | Orc:2    | Bought a scroll of identify for 32 gold pieces
 13921 | Orc:2    | Bought a scroll of identify for 28 gold pieces
 13921 | Orc:2    | Bought a scroll of poison for 56 gold pieces
 13921 | Orc:2    | Bought a scroll of identify for 28 gold pieces
 14205 | Elf:1    | Entered Level 1 of the Elven Halls
 14304 | Elf:1    | Noticed Nikola
 14322 | Elf:1    | Killed Nikola
 14323 | Elf:1    | Reached skill level 11 in Stealth
 14341 | Elf:1    | Noticed Donald
 14459 | Elf:1    | Reached XP level 15. HP: 80/80 MP: 23/23
 14531 | Elf:1    | HP: 4/80 [+2 halberd of freezing (12)]
 14531 | Elf:1    | Demolished by a +2 halberd of freezing

Illustrated notes

Levels and vault maps discovered:
D:1:      minmay_arrival_diagonal_passages, layout_loops_ring,
          hellmonk_ecumenical_altar_lost_god, minmay_rat_gold_closets
D:2:      layout_basic, serial_shops, shop, grunt_ministairs_11,
          minmay_hexomino_c4
D:3:      layout_basic, demons_altar, serial_bayou_pond_b, uniq_ijyb
D:4:      layout_loops_ring, minmay_temple_entry_enclosed_plants
D:5:      layout_basic, serial_shops, shop
D:6:      layout_layer_cave, lemuel_tele_altar
D:7:      layout_loops_ring, old_standard_altar
D:8:      layout_rooms, pdpol_wu_jian_five_deadly_venoms, kennysheep_mini,
          billiards_dpeg
D:9:      layout_basic, due_lair_maze_entry_diamond
D:10:     layout_basic, orc_0_dummy, hangedman_decor_lopped, uniq_grum
D:11:     layout_grid_maze
Temple:   nicolae_temple_bog_church
Lair:1:   layout_cave_pods, ebering_ghost_xom, grunt_megastairs_4,
          lemuel_fruit_tree, uniq_maggie
Lair:2:   layout_small_grid, palyth_hydra_swamp_entry, basic_altar,
          minmay_shattered_shrine
Lair:3:   layout_cave_pods, alex1729_snake_entry_snake
Lair:4:   dreamdust_isle_of_ice, layout_loops_ring, dpeg_slime_entry_enclosed,
          pond
Orc:1:    layout_caves, basic_altar
Orc:2:    grunt_orc_gardens, layout_caves, grunt_orc_garden, grunt_orc_garden,
          grunt_orc_garden, grunt_orc_garden, serial_shops, shop, shop,
          nicolae_shop_getting_attention, shop, shop_fountains
Elf:1:    eino_elf_arrival_shootout, layout_geoelf_octagon, minmay_elf_sorcery,
          lemuel_upstairs_altar, uniq_nikola, uniq_donald

Skill      XL: |  1  2  3  4  5  6  7  8  9 10 11 12 13 14 |
---------------+-------------------------------------------+-----
Short Blades   | 2 3 4 5 6 8 9 10 | 10.4
Stealth        | 2 5 10 11 | 11.6
Fighting       | 3 5 8 10 | 10.0
Shields        | 3 4 5 |  5.0
Invocations    | 1 3 8 9 |  9.7
Dodging        | 1 3 5 6 8 10 | 10.0
Armour         | 4 5 6 8 10 | 10.0
Translocations | 4 |  4.0

Action                     |  1- 3 |  4- 6 |  7- 9 | 10-12 | 13-15 || total
---------------------------+-------+-------+-------+-------+-------++-------
  Melee: Rapier            |   110 |       |       |       |    36 ||   146
         Bite              |    31 |    36 |    66 |   169 |   325 ||   627
         Dagger            |    14 |   129 |   237 |   543 |   760 ||  1683
 Invoke: Grand Finale      |       |       |       |     2 |     3 ||     5
  Evoke: Wand              |       |       |       |     2 |     4 ||     6
    Use: Scroll            |       |     3 |     3 |     3 |    10 ||    19
         Potion            |       |       |       |     1 |     1 ||     2
   Stab: Paralysed         |       |       |    12 |    31 |    54 ||    97
         Sleeping          |       |       |     7 |    16 |     3 ||    26
         Distracted        |       |       |     1 |     1 |     1 ||     3
 Armour: Scale mail        |    74 |     5 |       |       |       ||    79
         Chain mail        |       |    50 |       |       |   260 ||   310
         Leather armour    |       |     3 |    99 |   171 |    12 ||   285
  Dodge: Dodged            |    55 |    24 |    62 |   233 |   360 ||   734
  Block: Buckler           |    23 |    19 |    47 |    92 |   133 ||   314
